 Dungeon Sprint DCSS version 0.17-a0-18-gc25b939 (webtiles) character file.

29474 BluebellGnoll the Fetichist (level 13, 0/81 (85) HPs)
             Began as a Spriggan Berserker on Mar 7, 2015.
             Was the Champion of Trog.
             Killed by divine providence
             ... invoked by a greater mummy
              (17 damage)
             ... in the Dungeon (Sprint V: "Ziggurat Sprint").
             The game lasted 01:05:51 (1891 turns).

BluebellGnoll the Fetichist (Spriggan Berserker)    Turns: 1891, Time: 01:05:52

HP:   0/81 (85)     AC: 32    Str: 26    XL:     13   Next: 15%
MP:   34/35         EV: 24    Int:  8    God:    Trog [******]
Gold: 0             SH:  9    Dex: 16    Spells: 0 memorised, 12 levels left

rFire  + . .     SeeInvis +     I - +9 quick blade (pierce)
rCold  + . .     Clarity  .     H - +9 gold dragon armour
rNeg   + + .     SustAb   .     E - +3 buckler
rPois  +         Gourm    .     (helmet restricted)
rElec  .         Spirit   .     (no cloak)
rCorr  .         Warding  +     (gloves unavailable)
rMut   .         NoTele   +     (boots unavailable)
MR     ++++.                    S - brooch of Shielding {Ward rN+ AC+4 EV+4}
Stlth  ..........               M - ring of Wunlogh {EV+4 Str+5}
                                a - ring of Craick {rPois rN+ Str+3}

@: lethally poisoned (0 -> 0), stone skin, empathic, very slightly contaminated,
regenerating, rotting, hasted, very quick, incredibly resistant to hostile
enchantments, extremely unstealthy
A: unfitting armour, see invisible, herbivore 3, speed 3, slow metabolism 2
a: Burn Spellbooks, Berserk, Trog's Hand, Brothers in Arms, Renounce Religion


You were in the Dungeon.
You worshipped Trog.
Trog was exalted by your worship.
You were very full.

You visited 1 branch

Inventory:

Hand weapons
 b - a +9 rapier of electrocution
 I - a +9 quick blade of piercing (weapon)
 K - a +4 antimagic rapier
 N - a +0 blowgun
 P - the cursed +9 dagger "Pna Suor" {speed, rN+ Str-3 Dex+8}
   (Trog gifted it to you in the Dungeon)

   Attacks with this weapon are significantly faster.
   It affects your strength (-3).
   It affects your dexterity (+8).
   It protects you from negative energy.
   It has a curse placed upon it.
 W - a cursed +5 vampiric rapier
Missiles
 J - a throwing net (quivered)
 O - 2 curare-tipped needles
Armour
 E - a +3 buckler (worn)
 H - a +9 gold dragon armour (worn)
Rods
 p - a +6 rod of the swarm (6/13)
   (You found it in the Dungeon)
 R - a +5 rod of destruction (11/11)
   (You found it in the Dungeon)
Jewellery
 a - the ring of Craick (left hand) {rPois rN+ Str+3}
   (You found it in the Dungeon)

   [ring of positive energy]

   It affects your strength (+3).
   It protects you from poison.
   It protects you from negative energy.
 L - the ring of Viridisk {+Fly rF+ Str+5}
   (You found it in the Dungeon)

   [ring of flight]

   It affects your strength (+5).
   It protects you from fire.
   It lets you fly.
 M - the ring of Wunlogh (right hand) {EV+4 Str+5}
   (You found it in the Dungeon)

   [ring of evasion]

   It affects your evasion (+4).
   It affects your strength (+5).
 S - the brooch of Shielding (around neck) {Ward rN+ AC+4 EV+4}
   (You found it in the Dungeon)

   [amulet of warding]

   It may prevent the melee attacks of summoned creatures.
   It affects your AC (+4).
   It affects your evasion (+4).
   It protects you from negative energy.
 V - the ring "Difo" {rC++ Dex+5}
   (You found it in the Dungeon)

   [ring of dexterity]

   It affects your dexterity (+5).
   It greatly protects you from cold.
 X - the ring "Nuorgh" {Wiz rElec MR+}
   (You found it in the Dungeon)

   [ring of wizardry]

   It improves your spell success rate.
   It insulates you from electricity.
   It affects your resistance to hostile enchantments.
Magical devices
 j - a wand of disintegration (5)
 k - a wand of fire (1)
 l - a wand of cold (3)
 m - a wand of draining (4)
Scrolls
 i - a scroll of blinking
 q - a scroll of brand weapon
 u - 3 scrolls of recharging
 v - 7 scrolls of fog
 w - a scroll of holy word
 x - 4 scrolls of identify
 y - 5 scrolls of remove curse
 z - 2 scrolls of fear
Potions
 d - 10 potions of curing
 e - 5 potions of heal wounds
 f - 6 potions of haste
 g - 7 potions of magic
 h - 3 potions of berserk rage
 B - 2 potions of invisibility
 C - 2 potions of restore abilities
 D - 4 potions of resistance
 F - 4 potions of agility
 G - 6 potions of might
Miscellaneous
 n - 2 phantom mirrors
 o - a stone of tremors
 r - a legendary deck of wonders {drawn: 1}
 s - a phial of floods
 Q - a sack of spiders {used: 3}
 T - a lamp of fire (inert)
 Y - an ornate deck of wonders {drawn: 2}
 Z - a plain deck of defence {drawn: 3}
Comestibles
 c - 5 bread rations
 t - 25 fruits


   Skills:
 - Level 17.8 Fighting
 - Level 18.1 Short Blades
 - Level 6.6 Throwing
 - Level 7.8 Armour
 - Level 13.6 Dodging
 - Level 15.8 Stealth
 - Level 1.4 Shields
 + Level 19.3 Evocations


You had 12 spell levels left.
You didn't know any spells.

Dungeon Overview and Level Annotations

Branches:
Dungeon (1/1)

Altars:
Ashenzari
Cheibriados
Dithmenos
Elyvilon
Fedhas
Gozag
Kikubaaqudgha
Makhleb
Nemelex Xobeh
Okawaru
Qazlal
Ru
Sif Muna
Trog
Vehumet
Xom
Yredelemnul
Zin
The Shining One
Beogh
Jiyva
Lugonu


Innate Abilities, Weirdness & Mutations

You are tiny and cannot use many weapons and most armour.
You have supernaturally acute eyesight.
You are a herbivore.
You cover ground extremely quickly.
You need consume almost no food.


Message History

A powerful magic prevents control of your teleportation.
Your blink will be uncontrolled - continue anyway?
You blink.
Splash!
You fall into the shallow water.
Moving in this stuff is going to be slow.
As you read the scroll of blinking, it crumbles to dust.
You are engulfed in roaring flames.
You resist.
Your fire elemental hits the guardian mummy.
Your fire elemental burns the guardian mummy!
The guardian mummy is engulfed in a cloud of scalding steam.
The guardian mummy hits you but does no damage.
The smoke demon gestures at you. The ball of steam hits you! You resist.
* * * LOW HITPOINT WARNING * * *
Your fire elemental hits the emperor scorpion.
Your fire elemental burns the emperor scorpion!
The greater mummy gestures at you while chanting.
Something smites you!
You die...

,,8©8,,,,,,▓.........,,,,▓.▓.▓...
2Z2WWzZz2,,▓...........,,▓..▓....
ZZWhZWzzZ,,▓§...........,▓.......
21Z4W2,,,,,▓E).)).......,▓▓▓▓▓▓▓▓
,,,,,,,,,,,▓2E▓.......▓,,▓...8©8.
,,,,,,,,,,,▓§▓▓▓s....▓▓*,▓...|=.)
,,,,,,,,,,,▓EE▓M≈E....▓..▓...=}[[
,,,,,,,,,,,▓Es§3M≈§§§....▓.......
,,,,,,,,,,,▓Es§8@s.......▓.......
,,,,,,,,,,,▓▓▓▓▓▓▓▓▓▓▓▓▓▓▓.......
,,,,,,,,,,,*8888888888888▓....)..
,,,,,,,*,,,*8E,,,,,,,,,,8▓..)....
,,,,h,,,,,,*8,,,,,,,,,,,8▓.▓.....
,,,,,,,,,,,*8,,,,,,,,,,,8▓.......
,,,,,,,,,,,*8888888888888▓▓▓▓▓▓▓▓
*********************************
,,,,8©8,,,,,,,,*,,,,,,,,8©8,,,,,,


You could see a greater mummy, 4 emperor scorpions, a guardian mummy, an
ushabti, a smoke demon and 5 friendly fire elementals.

Vanquished Creatures
  3 shadow dragons (D)
  2 emperor scorpions (D)
  A reaper (D)
  2 mummy priests (D)
  3 vault guards (D)
  A merfolk aquamancer (D)
  3 anubis guards (D)
  An orc knight (D)
  A griffon (D)
  A faun (D)
  An ugly thing (D)
  A black mamba (D)
  4 guardian mummies (D)
  A blue devil (D)
  2 merfolk (D)
  2 yaktaurs (D)
  An ushabti (D)
  2 shadows (D)
  A water elemental (D)
  2 flying skulls (D)
  A tarantella (D)
  A ynoxinul (D)
  A spriggan (D)
  A wraith (D)
  A hippogriff (D)
  A mottled dragon (D)
  2 wolves (D)
  A vampire mosquito (D)
  A porcupine (D)
  A naga (D)
  3 water moccasins (D)
  An eye of draining (D)
  A necrophage (D)
  A wasp (D)
  2 orc warriors (D)
  4 centaurs (D)
  A scorpion (D)
  A goliath beetle (D)
  A jelly (D)
  2 quasits (D)
  A sheep (D)
  2 mummies (D)
  5 adders (D)
  A shadow imp (D)
  2 white imps (D)
  4 ufetubi (D)
  2 adder skeletons (D)
  2 oozes (D)
  An orc (D)
  2 bat skeletons (D)
  A bat zombie (D)
  4 ball pythons (D)
  A giant cockroach zombie (D)
  2 giant gecko skeletons (D)
  A jackal zombie (D)
  A quokka zombie (D)
  A butterfly (D)
96 creatures vanquished.

Vanquished Creatures (collateral kills)
  2 ghouls (D)
  2 reapers (D)
  A vampire knight (D)
  A merfolk javelineer (D)
  A mummy priest (D)
  2 merfolk impalers (D)
  6 vault guards (D)
  A merfolk avatar (D)
  An orc high priest (D)
  A wretched star (D)
  A hell hog (D)
  2 skeletal warriors (D)
  A sea snake (D)
  An orc knight (D)
  A griffon (D)
  A necromancer (D)
  3 rust devils (D)
  A siren (D)
  A water nymph (D)
  2 spiny frogs (D)
  A komodo dragon (D)
  A guardian mummy (D)
  A merfolk (D)
  A spriggan (D)
  3 shadows (D)
  A flying skull (D)
  2 water elementals (D)
  A vampire (D)
  2 hippogriffs (D)
  4 wolves (D)
  A hell hound (D)
  2 water moccasins (D)
  A porcupine (D)
  An orc warrior (D)
  3 necrophages (D)
  A centaur (D)
  A crocodile (D)
  2 giant frogs (D)
  2 wights (D)
  An iron imp (D)
  A small abomination (D)
  A mummy (D)
  An adder skeleton (D)
  3 orcs (D)
  A bat skeleton (D)
  3 bat zombies (D)
  A goblin (D)
  2 hobgoblins (D)
  A quokka (D)
  2 jackal skeletons (D)
  A quokka skeleton (D)
81 creatures vanquished.

Vanquished Creatures (others)
  10 acid blobs (D)
  14 azure jellies (D)
  Donald (D)
  Louise (D)
  12 death oozes (D)
  A necromancer (D)
  An ugly thing (D)
  Joseph (D)
  14 water elementals (D)
  2 yaktaurs (D)
  A raiju (D)
  6 fire elementals (D)
  A wraith (D)
  4 trapdoor spiders (D)
  A redback (D)
  A shadow (D)
  Eustachio (D)
  3 earth elementals (D)
  A mottled dragon (D)
  A hell hound (D)
  2 wasps (D)
  4 spiders (D)
  3 centaurs (D)
  4 scorpions (D)
  6 killer bees (D)
  A goliath beetle (D)
  3 worker ants (D)
  Jessica (D)
  A bat skeleton (D)
  A bat zombie (D)
  4 butterflies (D)
107 creatures vanquished.

Grand Total: 284 creatures vanquished

Notes
Turn   | Place    | Note
--------------------------------------------------------------
     0 | D        | BluebellGnoll, the Spriggan Berserker, began the quest for the Orb.
     0 | D        | Reached XP level 1. HP: 11/11 MP: 2/2
     0 | D        | Found a viscous altar of Jiyva.
     0 | D        | Found a corrupted altar of Lugonu.
     0 | D        | Found a white marble altar of Elyvilon.
     2 | D        | Found a sparkling altar of Nemelex Xobeh.
     2 | D        | Found a burning altar of Makhleb.
     3 | D        | Found a deep blue altar of Sif Muna.
     3 | D        | Found a bloodstained altar of Trog.
     4 | D        | Killed Jessica
     6 | D        | Found an iron altar of Okawaru.
    13 | D        | Found a radiant altar of Vehumet.
    18 | D        | Found a basalt altar of Yredelemnul.
    28 | D        | Reached skill level 5 in Armour
    28 | D        | Reached XP level 2. HP: 16/16 MP: 4/4
    29 | D        | Found a shimmering altar of Xom.
    56 | D        | Killed Donald
    81 | D        | Entered arena 1.
    81 | D        | Noticed a tarantella
    81 | D        | Noticed a scorpion
    93 | D        | Killed a tarantella
    93 | D        | Reached skill level 13 in Stealth
    93 | D        | Reached XP level 3. HP: 13/19 MP: 6/6
    93 | D        | Reached XP level 4. HP: 15/23 MP: 8/8
    93 | D        | Reached XP level 5. HP: 17/27 MP: 10/10
   101 | D        | Killed a scorpion
   103 | D        | Acquired Trog's second power
   211 | D        | Killed a death ooze
   231 | D        | Entered arena 2.
   231 | D        | Noticed a mottled dragon
   231 | D        | Noticed a griffon
   231 | D        | Noticed a wraith
   233 | D        | Killed a mottled dragon
   233 | D        | Reached skill level 5 in Fighting
   233 | D        | Reached XP level 6. HP: 32/35 MP: 12/12
   254 | D        | Killed a griffon
   254 | D        | Reached XP level 7. HP: 35/42 MP: 14/14
   269 | D        | Killed a wraith
   269 | D        | Reached skill level 10 in Short Blades
   282 | D        | Killed an azure jelly
   283 | D        | Killed a death ooze
   287 | D        | Killed a death ooze
   302 | D        | Killed an azure jelly
   303 | D        | Killed an acid blob
   313 | D        | Killed a death ooze
   332 | D        | Entered arena 3.
   332 | D        | Noticed an eye of draining
   332 | D        | Noticed a jelly
   337 | D        | Killed a jelly
   343 | D        | Killed an eye of draining
   343 | D        | Reached skill level 1 in Shields
   352 | D        | Acquired Trog's third power
   352 | D        | Reached XP level 8. HP: 48/48 MP: 10/16
   356 | D        | Got the ring of Craick {rPois rN+ Str+3}
   361 | D        | Entered arena 4.
   361 | D        | Noticed a quasit
   370 | D        | Killed a quasit
   378 | D        | Killed an azure jelly
   384 | D        | Entered arena 5.
   409 | D        | Entered arena 6.
   409 | D        | Noticed a merfolk
   409 | D        | Noticed a centaur
   409 | D        | Noticed a merfolk
   409 | D        | Noticed a centaur
   409 | D        | Noticed a centaur
   409 | D        | Noticed a merfolk
   412 | D        | Killed a death ooze
   421 | D        | Killed a centaur
   421 | D        | Reached skill level 1 in Evocations
   426 | D        | Killed a merfolk
   426 | D        | Reached skill level 14 in Stealth
   426 | D        | Reached skill level 5 in Evocations
   433 | D        | Killed a merfolk
   435 | D        | Killed a centaur
   435 | D        | Reached skill level 15 in Stealth
   436 | D        | Killed a centaur
   443 | D        | Killed a merfolk
   447 | D        | Received a gift from Trog
   465 | D        | Killed a death ooze
   493 | D        | Entered arena 7.
   493 | D        | Noticed a quasit
   493 | D        | Noticed a wretched star
   503 | D        | Killed a quasit
   527 | D        | Killed a wretched star
   527 | D        | Reached skill level 10 in Fighting
   527 | D        | Reached XP level 9. HP: 33/49 MP: 9/22
   614 | D        | Identified a +6 rod of the swarm (13/13) (You found it in the Dungeon)
   616 | D        | Entered arena 8.
   616 | D        | Noticed a wight
   616 | D        | Noticed a necrophage
   622 | D        | Killed a wight
   625 | D        | Killed a necrophage
   633 | D        | Got the ring of Wunlogh {EV+4 Str+5}
   651 | D        | Entered arena 9.
   651 | D        | Noticed a wolf
   651 | D        | Noticed a wolf
   651 | D        | Noticed a wolf
   651 | D        | Noticed a spriggan
   651 | D        | Noticed a wolf
   651 | D        | Noticed a wolf
   651 | D        | Noticed a spriggan rider
   651 | D        | Noticed a wolf
   655 | D        | Killed a wolf
   655 | D        | Received a gift from Trog
   656 | D        | Killed a wolf
   662 | D        | Killed a wolf
   667 | D        | Killed a wolf
   667 | D        | Reached skill level 5 in Dodging
   672 | D        | Killed a wasp
   675 | D        | Killed a spriggan
   676 | D        | Killed a spriggan
   676 | D        | Killed a wolf
   681 | D        | Killed a wolf
   681 | D        | Reached skill level 10 in Dodging
   695 | D        | Received a gift from Trog
   712 | D        | Received a gift from Trog
   756 | D        | Entered arena 10.
   756 | D        | Noticed a water moccasin
   756 | D        | Noticed a water moccasin
   756 | D        | Noticed a naga
   756 | D        | Noticed a water moccasin
   756 | D        | Noticed a water moccasin
   766 | D        | Drew Focus: Str increased to 17, Int decreased to 8
   766 | D        | Killed a water moccasin
   781 | D        | Killed an azure jelly
   782 | D        | Killed a naga
   788 | D        | Killed a water moccasin
   794 | D        | Killed a water moccasin
   794 | D        | Received a gift from Trog
   804 | D        | Killed a water moccasin
   813 | D        | Received a gift from Trog
   815 | D        | Killed an acid blob
   816 | D        | Got an ivory dagger {god gift}
   827 | D        | Entered arena 11.
   827 | D        | Noticed a siren
   827 | D        | Noticed a water elemental
   827 | D        | Noticed a merfolk aquamancer
   827 | D        | Noticed a merfolk impaler
   827 | D        | Noticed a water nymph
   827 | D        | Noticed a sea snake
   827 | D        | Noticed a merfolk impaler
   827 | D        | Noticed a merfolk javelineer
   829 | D        | Noticed a merfolk avatar
   829 | D        | Noticed a griffon
   830 | D        | Killed a death ooze
   835 | D        | Identified the +9 dagger "Pna Suor" {speed, rN+ Str-3 Dex+8} (Trog gifted it to you in the Dungeon)
   836 | D        | Killed a sea snake
   843 | D        | Killed a water nymph
   843 | D        | Reached XP level 10. HP: 61/61 MP: 26/26
   853 | D        | Killed a siren
   856 | D        | Killed a merfolk aquamancer
   858 | D        | Killed a water elemental
   862 | D        | Killed a merfolk impaler
   862 | D        | Received a gift from Trog
   863 | D        | Killed a merfolk javelineer
   870 | D        | Killed a griffon
   871 | D        | Killed a merfolk impaler
   875 | D        | Killed a merfolk avatar
   888 | D        | Received a gift from Trog
   895 | D        | Got a twisted arbalest {god gift}
   927 | D        | Received a gift from Trog
   933 | D        | Killed an acid blob
   949 | D        | Killed Louise
  1031 | D        | Killed an acid blob
  1112 | D        | Killed an azure jelly
  1128 | D        | Killed an azure jelly
  1135 | D        | Killed an acid blob
  1135 | D        | Killed Eustachio
  1138 | D        | Entered arena 12.
  1138 | D        | Noticed a shadow
  1138 | D        | Noticed a skeletal warrior
  1138 | D        | Noticed a flying skull
  1138 | D        | Noticed a reaper
  1138 | D        | Noticed a necrophage
  1141 | D        | Noticed an iron imp
  1147 | D        | Killed a flying skull
  1148 | D        | Killed a necrophage
  1149 | D        | Killed a shadow
  1149 | D        | Killed an iron imp
  1156 | D        | Killed a reaper
  1163 | D        | Killed a skeletal warrior
  1163 | D        | Reached skill level 15 in Short Blades
  1163 | D        | Reached XP level 11. HP: 70/70 MP: 28/28
  1167 | D        | Killed an acid blob
  1176 | D        | Got the ring "Difo" {rC++ Dex+5}
  1177 | D        | Received a gift from Trog
  1202 | D        | Entered arena 13.
  1202 | D        | Noticed a hell hound
  1202 | D        | Noticed a hell hog
  1202 | D        | Noticed a rust devil
  1203 | D        | Noticed a reaper
  1203 | D        | Noticed a shadow
  1204 | D        | Noticed a hell hound
  1204 | D        | Noticed a wraith
  1204 | D        | Noticed a rust devil
  1205 | D        | Noticed a rust devil
  1206 | D        | Killed a hell hound
  1206 | D        | Killed a wraith
  1209 | D        | Killed a shadow
  1211 | D        | Killed a hell hound
  1211 | D        | Killed a hell hog
  1211 | D        | Reached skill level 16 in Short Blades
  1213 | D        | Killed a reaper
  1213 | D        | Reached skill level 17 in Short Blades
  1214 | D        | Killed an azure jelly
  1215 | D        | Killed a rust devil
  1215 | D        | Killed a rust devil
  1216 | D        | Killed a rust devil
  1230 | D        | Received a gift from Trog
  1235 | D        | Received a gift from Trog
  1235 | D        | Killed a death ooze
  1253 | D        | Killed an acid blob
  1259 | D        | Killed an azure jelly
  1261 | D        | Killed an azure jelly
  1282 | D        | Killed an acid blob
  1314 | D        | Killed an azure jelly
  1321 | D        | Killed a death ooze
  1346 | D        | Entered arena 14.
  1346 | D        | Noticed an orc warrior
  1346 | D        | Noticed an orc knight
  1349 | D        | Noticed an orc knight
  1350 | D        | Noticed an orc warrior
  1352 | D        | Noticed an orc high priest
  1358 | D        | Noticed an orc warrior
  1362 | D        | Killed an orc high priest
  1366 | D        | Killed an orc knight
  1366 | D        | Received a gift from Trog
  1367 | D        | Killed an orc warrior
  1374 | D        | Killed an orc knight
  1374 | D        | Killed an orc warrior
  1375 | D        | Received a gift from Trog
  1380 | D        | Killed an orc warrior
  1392 | D        | Received a gift from Trog
  1425 | D        | Received a gift from Trog
  1427 | D        | Got the ring "Nuorgh" {Wiz rElec MR+}
  1440 | D        | Entered arena 15.
  1440 | D        | Noticed a yaktaur
  1440 | D        | Noticed a vault guard
  1440 | D        | Noticed a vault guard
  1441 | D        | Noticed a shadow dragon
  1441 | D        | Noticed a vault guard
  1441 | D        | Noticed a shadow dragon
  1442 | D        | Noticed a vault guard
  1443 | D        | Noticed a vault guard
  1450 | D        | Noticed a vault guard
  1450 | D        | Noticed a yaktaur
  1451 | D        | Noticed a shadow dragon
  1451 | D        | Noticed a vault guard
  1452 | D        | Noticed a vault guard
  1452 | D        | Noticed a vault guard
  1453 | D        | Killed a vault guard
  1456 | D        | Killed a vault guard
  1463 | D        | Killed a yaktaur
  1464 | D        | Killed a vault guard
  1464 | D        | Received a gift from Trog
  1474 | D        | Killed a vault guard
  1474 | D        | Reached skill level 15 in Fighting
  1475 | D        | Killed a yaktaur
  1475 | D        | Killed a vault guard
  1479 | D        | Killed a vault guard
  1484 | D        | Killed a vault guard
  1484 | D        | Reached XP level 12. HP: 62/77 MP: 18/32
  1486 | D        | Killed a shadow dragon
  1486 | D        | Received a gift from Trog
  1489 | D        | Killed a shadow dragon
  1498 | D        | Killed a vault guard
  1499 | D        | Killed a vault guard
  1499 | D        | Received a gift from Trog
  1511 | D        | Killed an azure jelly
  1528 | D        | Killed a shadow dragon
  1528 | D        | Received a gift from Trog
  1539 | D        | Got a brightly glowing rapier {god gift}
  1539 | D        | Killed an azure jelly
  1562 | D        | Identified the +0 rapier "Nirruy Tyxka" {holy, rPois} (Trog gifted it to you in the Dungeon)
  1568 | D        | Got the amulet of Jiydderr {Faith Str+5 SInv Stlth-}
  1576 | D        | Got the ring "Busiwye" {+Inv rF+ Str+2 Dex-4 SInv}
  1588 | D        | Identified a +5 rod of destruction (11/11) (You found it in the Dungeon)
  1614 | D        | Killed an acid blob
  1623 | D        | Killed an azure jelly
  1624 | D        | Killed a death ooze
  1627 | D        | Entered arena 16.
  1629 | D        | Killed an acid blob
  1635 | D        | Noticed a hippogriff
  1635 | D        | Noticed a spiny frog
  1636 | D        | Noticed a komodo dragon
  1636 | D        | Noticed a water moccasin
  1636 | D        | Noticed a crocodile
  1636 | D        | Noticed a giant frog
  1637 | D        | Noticed a hippogriff
  1638 | D        | Noticed a black mamba
  1638 | D        | Received a gift from Trog
  1639 | D        | Noticed a giant frog
  1639 | D        | Noticed a spiny frog
  1639 | D        | Noticed a porcupine
  1640 | D        | Killed a porcupine
  1641 | D        | Killed a black mamba
  1644 | D        | Killed a hippogriff
  1645 | D        | Noticed a porcupine
  1645 | D        | Killed a giant frog
  1645 | D        | Killed a death ooze
  1645 | D        | Killed a hippogriff
  1646 | D        | Noticed a hippogriff
  1647 | D        | Killed a porcupine
  1647 | D        | Received a gift from Trog
  1647 | D        | Killed a spiny frog
  1649 | D        | Killed a spiny frog
  1649 | D        | Reached skill level 18 in Short Blades
  1649 | D        | Killed a komodo dragon
  1650 | D        | Killed a giant frog
  1653 | D        | Killed a hippogriff
  1654 | D        | Killed a crocodile
  1654 | D        | Killed a water moccasin
  1654 | D        | Received a gift from Trog
  1667 | D        | Killed a death ooze
  1680 | D        | Received a gift from Trog
  1712 | D        | Got the ring of Viridisk {+Fly rF+ Str+5}
  1716 | D        | Got the ring "Chilih" {rPois rN+ MR- Str+4 Dex+4}
  1720 | D        | Killed an azure jelly
  1735 | D        | Entered arena 17.
  1745 | D        | Noticed a necromancer
  1746 | D        | Noticed a ghoul
  1746 | D        | Noticed a necrophage
  1746 | D        | Noticed a vampire
  1747 | D        | Noticed a ghoul
  1747 | D        | Noticed a shadow
  1749 | D        | Noticed a vampire knight
  1749 | D        | Noticed a necromancer
  1749 | D        | Noticed a skeletal warrior
  1751 | D        | Noticed a necrophage
  1751 | D        | Noticed a shadow
  1752 | D        | Noticed a shadow
  1752 | D        | Noticed a wight
  1752 | D        | Killed a necromancer
  1752 | D        | Reached skill level 1 in Throwing
  1756 | D        | Killed a necrophage
  1756 | D        | Killed a shadow
  1756 | D        | Killed a necromancer
  1757 | D        | Killed a skeletal warrior
  1757 | D        | Killed a shadow
  1757 | D        | Killed a ghoul
  1760 | D        | Killed a ghoul
  1760 | D        | Reached skill level 5 in Throwing
  1761 | D        | Noticed a shadow
  1763 | D        | Killed a vampire
  1764 | D        | Killed a shadow
  1764 | D        | Killed a vampire knight
  1764 | D        | Received a gift from Trog
  1769 | D        | Killed a shadow
  1774 | D        | Killed a necrophage
  1777 | D        | Killed a wight
  1785 | D        | Got the ring "Khupt" {Contam rElec rN+ Dex+4 Slay+3 SInv}
  1807 | D        | Got the ring "Tocaum" {Wiz MP+9}
  1811 | D        | Killed Joseph
  1826 | D        | Entered arena 18.
  1833 | D        | Noticed an ushabti
  1833 | D        | Noticed a mummy priest
  1833 | D        | Noticed a mummy priest
  1833 | D        | Noticed a guardian mummy
  1834 | D        | Noticed a flying skull
  1834 | D        | Noticed an ushabti
  1839 | D        | Noticed an anubis guard
  1841 | D        | Noticed an emperor scorpion
  1841 | D        | Noticed an emperor scorpion
  1842 | D        | Noticed a guardian mummy
  1844 | D        | Noticed a guardian mummy
  1847 | D        | Noticed an emperor scorpion
  1847 | D        | Noticed a mummy priest
  1847 | D        | Noticed an anubis guard
  1847 | D        | Noticed an anubis guard
  1847 | D        | Noticed a guardian mummy
  1847 | D        | Noticed a flying skull
  1847 | D        | Noticed a guardian mummy
  1847 | D        | Noticed a guardian mummy
  1847 | D        | Noticed a greater mummy
  1848 | D        | Noticed an emperor scorpion
  1848 | D        | Noticed an emperor scorpion
  1848 | D        | Noticed an emperor scorpion
  1848 | D        | Noticed an emperor scorpion
  1848 | D        | Killed a flying skull
  1848 | D        | Reached skill level 15 in Evocations
  1849 | D        | Noticed an emperor scorpion
  1853 | D        | Killed a mummy priest
  1853 | D        | Noticed a reaper
  1856 | D        | Killed a guardian mummy
  1857 | D        | Killed a guardian mummy
  1859 | D        | Killed a guardian mummy
  1863 | D        | Killed a mummy priest
  1863 | D        | Reached XP level 13. HP: 43/84 MP: 32/34
  1867 | D        | Killed an ushabti
  1867 | D        | Killed an anubis guard
  1868 | D        | Killed a mummy priest
  1868 | D        | Killed an anubis guard
  1868 | D        | Received a gift from Trog
  1877 | D        | Killed an anubis guard
  1877 | D        | Reached skill level 19 in Evocations
  1879 | D        | Killed an emperor scorpion
  1879 | D        | Killed an emperor scorpion
  1883 | D        | Killed a guardian mummy
  1884 | D        | Noticed a reaper
  1888 | D        | Killed a reaper
  1889 | D        | Killed a flying skull
  1890 | D        | Killed a guardian mummy
  1891 | D        | Killed from afar by a greater mummy

Action                   |  1- 3 |  4- 6 |  7- 9 | 10-12 | 13-15 || total
-------------------------+-------+-------+-------+-------+-------++-------
Melee: Quick blade       |    11 |    27 |   201 |    29 |    17 ||   285
       Rapier            |       |       |       |    65 |       ||    65
Throw: Throwing net      |       |       |     2 |       |       ||     2
Invok: Trog's Hand       |       |       |     8 |     7 |       ||    15
       Brothers in Arms  |       |       |     3 |     2 |       ||     5
       Berserk           |       |       |     2 |       |       ||     2
       Burn Spellbooks   |       |       |     3 |     6 |       ||     9
Evoke: Wand              |       |     2 |     2 |     3 |     2 ||     9
       Deck              |       |       |     6 |    18 |       ||    24
       Rod               |       |       |     5 |    15 |       ||    20
       Sack of spiders   |       |       |     3 |     1 |       ||     4
       Phial of floods   |       |       |     1 |     8 |       ||     9
       Lamp of fire      |       |       |       |     7 |     2 ||     9
       Stone of tremors  |       |       |       |     4 |       ||     4
  Use: Potion            |     1 |       |     2 |     2 |     4 ||     9
       Scroll            |       |       |       |    17 |     2 ||    19
 Stab: Held in net/web   |       |       |     1 |       |       ||     1
       Distracted        |       |       |       |     5 |       ||     5
  Eat: Fruit             |     6 |       |     5 |     6 |       ||    17
